 Dungeon Crawl Stone Soup version 0.17.1-3-g152610e (webtiles) character file.

653 kaze the Ducker (level 7, -3/67 HPs)
             Began as a Troll Fighter on Mar 1, 2016.
             Was an Initiate of Trog.
             Slain by a hound (4 damage)
             ... on level 4 of the Dungeon.
             The game lasted 00:13:43 (3256 turns).

kaze the Ducker (Troll Fighter)                     Turns: 3256, Time: 00:13:45

Health: -3/67      AC:  6    Str: 30 (32) XL:     7   Next: 29%
Magic:  6/6        EV:  9    Int:  4      God:    Trog [......]
Gold:   256        SH: 11    Dex:  9      Spells: 0 memorised, 6 levels left

rFire  . . .     SeeInvis .     e - +1 war axe
rCold  . . .     Clarity  .     b - +0 robe
rNeg   . . .     SustAt   .     c - +2 shield
rPois  .         Gourm    +     (helmet restricted)
rElec  .         Spirit   .     k - +0 cloak
rCorr  .         Warding  .     (gloves unavailable)
rMut   .         Stasis   .     (boots unavailable)
MR     .....                    (no amulet)
Stlth  +.........               (no ring)
                                (no ring)

@: mighty, lethally poisoned (-3 -> -3), not resistant to hostile enchantments,
very unstealthy
A: unfitting armour, claws 3, fast metabolism 3, gourmand, regeneration 2,
shaggy fur 1, tough skin 2
a: Burn Spellbooks, Renounce Religion


You were on level 4 of the Dungeon.
You worshipped Trog.
Trog was noncommittal.
You were not hungry.

You visited 1 branch of the dungeon, and saw 4 of its levels.

You collected 256 gold pieces.

Inventory:

Hand Weapons
 a - a +0 flail
 e - a +1 war axe (weapon)
Missiles
 o - 3 needles of confusion
 v - 4 tomahawks of returning (quivered)
 x - a throwing net
 A - 7 tomahawks
 C - 45 bolts
Armour
 b - a +0 robe (worn)
 c - a +2 shield (worn)
 k - a +0 cloak (worn)
Wands
 D - a wand of fire (15)
Scrolls
 h - a scroll of random uselessness {unknown}
 i - 5 scrolls of remove curse
 j - a scroll of teleportation {unknown}
 r - a scroll of enchant weapon
 u - a scroll of identify
Potions
 g - a potion of brilliance {unknown}
 q - a potion of agility
 B - a potion of cancellation
Comestibles
 f - a meat ration
 m - 2 slices of pizza
 y - 3 bread rations


   Skills:
 + Level 3.2 Fighting
 + Level 2.6 Maces & Flails
   Level 2.8 Slings
 + Level 4.3 Dodging
 - Level 0.3 Stealth
 + Level 3.8 Shields


You had 6 spell levels left.
You didn't know any spells.

Dungeon Overview and Level Annotations

Branches:
Dungeon (4/15)
 Temple: D:4-7

Altars:
Kikubaaqudgha
Nemelex Xobeh
Trog
Xom

Shops:
D:4 }


Innate Abilities, Weirdness & Mutations

You are too large for most types of armour.
You have claws for hands.
Your metabolism is lightning-fast.
You like to eat raw meat.
You heal very quickly.
You are covered in fur (AC +1).
You have very tough skin (AC +2).


Message History

The hound bites the fungus.
You feel sick.
You slice the quokka!!
You kill the quokka!
Trog accepts your kill.
You slash the fungus!
The fungus is moderately damaged.
You feel sick. The hound closely misses you.
You barely miss the hound. You slash the fungus!
The fungus is severely damaged.
You feel sick. You block the hound's attack.
The hound bites you but does no damage.
You slash the hound!
The hound is severely wounded.
You slash the fungus!
You destroy the fungus!
You feel sick. The hound bites you.
* * * LOW HITPOINT WARNING * * *
The hound bites you.
You die...

#...# #.# #.#.#.# #...# #.#
#.#.#.# ##***#...#
#.###########.#.#.#
#..,*#...####.#.......)........
#...##..........###############
#...........#.####.PP#รท#..#####
#.....>.......###.P..#..)#..#.#
###..........##h..P..#...#P#P.#
#..........#@os.P..)..P).#.##
#..........###..PP..P####....
#..........(.###.......#.P.##
#.........##.####.)..PP..###
#.........##..##P###...###
#############.###* ##..)## #..#
###..#### ###'#### ##....#
#......# #####..


You could see a scorpion, a hound and an orc.

Vanquished Creatures
  An ice beast (D:3)
  The ghost of Alakolaz the Covert, an amateur SpAs of Dithmenos (D:3)
  5 scorpions (D:4)
  A worker ant (D:4)
  10 adders
  An ooze (D:2)
  A worm (D:3)
  6 orcs
  A ball python (D:3)
  12 bats
  A giant cockroach (D:2)
  5 hobgoblins
  11 kobolds
  2 quokkas (D:4)
  2 giant geckos
  4 giant newts
  8 goblins
  4 jackals (D:2)
  7 rats
  2 fungi (D:4)
85 creatures vanquished.

Vanquished Creatures (others)
  A fungus (D:4)
1 creature vanquished.

Grand Total: 86 creatures vanquished

Notes
Turn   | Place    | Note
--------------------------------------------------------------
     0 | D:1      | kaze the Troll Fighter began the quest for the Orb.
     0 | D:1      | Reached XP level 1. HP: 22/22 MP: 0/0
   294 | D:1      | Reached XP level 2. HP: 29/29 MP: 1/1
   764 | D:2      | Reached XP level 3. HP: 34/36 MP: 2/2
   936 | D:2      | Reached skill level 3 in Dodging
  1353 | D:2      | Found an ancient bone altar of Kikubaaqudgha.
  1564 | D:3      | Reached XP level 4. HP: 44/44 MP: 3/3
  1645 | D:3      | Noticed Alakolaz's ghost (amateur SpAs)
  1688 | D:3      | Killed Alakolaz's ghost
  1688 | D:3      | Reached skill level 1 in Slings
  1688 | D:3      | Reached XP level 5. HP: 37/50 MP: 4/4
  1711 | D:3      | Found a sparkling altar of Nemelex Xobeh.
  1974 | D:3      | Found a shimmering altar of Xom.
  2114 | D:3      | Noticed an ice beast
  2150 | D:3      | Killed an ice beast
  2150 | D:3      | Reached XP level 6. HP: 29/59 MP: 5/5
  2255 | D:3      | Found a bloodstained altar of Trog.
  2262 | D:3      | Became a worshipper of Trog the Wrathful
  2597 | D:4      | Reached XP level 7. HP: 26/67 MP: 6/6
  2607 | D:4      | HP: 3/67 [poisoned by a scorpion]
  2612 | D:4      | HP: 3/67 [poisoned by a scorpion]
  2617 | D:4      | HP: 3/67 [poisoned by a scorpion]
  2636 | D:4      | Reached skill level 4 in Dodging
  3223 | D:4      | Found Vekytatu's Gadget Boutique.
  3256 | D:4      | HP: 1/67 [hound (5)]
  3256 | D:4      | Slain by a hound

Action                   |  1- 3 |  4- 6 |  7- 9 || total
-------------------------+-------+-------+-------++-------
Melee: Flail             |   137 |    91 |    15 ||   243
       War axe           |       |       |    36 ||    36
 Fire: Hunting sling     |    38 |   116 |       ||   154
Throw: Tomahawk          |       |       |     4 ||     4
  Use: Potion            |       |     6 |     3 ||     9
       Scroll            |       |       |     9 ||     9
  Eat: Chunk             |    19 |     5 |     4 ||    28
